[Event "Titled Tuesday Blitz March 28 Early 2023"]
[White "Salemgareev, Tagir"]
[Black "Bacrot, Etienne"]
[WhiteFideId "24199052"]
[BlackFideId "605506"]
[WhiteElo "2366"]
[BlackElo "2663"]
[Result "1/2-1/2"]
[Round "03"]
[TimeControl "180+2"]
[Date "2023.03.28"]
[WhiteClock "0:00:12"]
[BlackClock "0:00:08"]

1. d4 Nf6 2. c4 e6 3. Nf3 d5 4. g3 Bd6 5. Bg2 O-O 6. O-O b6 7. Nc3 Bb7 8. cxd5 exd5 9. Bg5 Nbd7 10. Qb3 h6 11. Bf4 Bxf4 12. gxf4 c5 13. Rad1 c4 14. Qc2 a6 15. Ne5 b5 16. b4 Qe7 17. a3 Rfd8 18. Kh1 Nf8 19. Rg1 Ne4 20. e3 Nxc3 21. Qxc3 f6 22. Nf3 Bc8 23. Nd2 Bf5 24. Ra1 Kh8 25. Qb2 Rac8 26. Nb1 Bxb1 27. Qxb1 Qe6 28. Qc2 Rb8 29. Bf3 Nd7 30. Rg6 Nf8 31. Rg3 Rb7 32. Rag1 Ra7 33. Bg4 Qe4+ 34. Qxe4 dxe4 35. Bf5 Re7 36. Rc1 Kg8 37. Rgg1 Kf7 38. Rc2 g6 39. Bh3 f5 40. Ra1 Rc7 41. Bf1 Nd7 42. a4 Nb6 43. axb5 axb5 44. Ra5 Rd5 45. Be2 Ke7 46. f3 Kd7 47. fxe4 fxe4 48. Bf1 Kc6 49. Bg2 Re7 50. Kg1 Rd6 51. Kf2 Nd5 52. Ra6+ Kd7 53. Ra7+ Ke6 54. Rxe7+ Kxe7 55. Bxe4 Nxb4 56. Rb2 Nd5 57. Rxb5 Nc3 58. Re5+ Kf6 59. Bc2 Rb6 60. Ke1 Rb2 61. Kd2 Na2 62. Rc5 c3+ 63. Kd3 g5 64. fxg5+ hxg5 65. Ke4 Ke7 66. Kd3 Kd6 67. e4 g4 68. e5+ Ke7 69. d5 Kd7 70. e6+ Kd6 71. Rc6+ Ke7 72. Rc7+ Kd6 73. Rd7+ Kc5 74. e7 Nb4+ 75. Kxc3 Rxc2+ 76. Kb3 Re2 77. d6 Re3+ 78. Kb2 Nc6 79. Rd8 Re4 80. e8=Q Rxe8 81. Rxe8 Kxd6 82. Re4 Ne5 83. Kc3 Kd5 84. Rf4 Ke6 85. Kd4 Nf3+ 86. Ke3 Nxh2 87. Kf2 Nf3 88. Rxg4 Ne5 89. Re4 Kf5 90. Ke3 Ng4+ 91. Kd4 Nf6 92. Re5+ Kf4 93. Re7 Kf5 94. Re1 Kg6 95. Ke5 Ng4+ 96. Kf4 Nf6 97. Re6 Kf7 98. Kf5 Nd5 99. Rd6 Ne7+ 100. Kg5 Nc8 101. Rc6 Ne7 102. Ra6 Nc8 103. Kf5 Ne7+ 104. Ke5 Ng6+ 105. Kf5 Ne7+ 106. Kg5 Nc8 107. Rf6+ Ke7 108. Kf5 Nd6+ 109. Rxd6 Kxd6 1/2-1/2


[Site "https://www.chess.com"]

[Event "Titled Tuesday Blitz March 28 Early 2023"]
[White "Xu, Xiangyu"]
[Black "Iniyan, P"]
[WhiteFideId "8608288"]
[BlackFideId "25002767"]
[WhiteElo "2477"]
[BlackElo "2449"]
[Result "1-0"]
[Round "03"]
[TimeControl "180+2"]
[Date "2023.03.28"]
[WhiteClock "0:00:14"]
[BlackClock "0:00:03"]

1. d4 Nf6 2. Bg5 Ne4 3. Bf4 d5 4. e3 c5 5. Bd3 Nc6 6. Bxe4 dxe4 7. d5 Nb4 8. Nc3 e6 9. d6 Qa5 10. Nge2 Nd5 11. O-O Nxf4 12. Nxf4 Bd7 13. Nxe4 Bc6 14. Ng5 Qd8 15. Qg4 Qxd6 16. Rad1 Qe7 17. Rd2 g6 18. Rfd1 Bg7 19. Nfxe6 fxe6 20. Nxe6 Bf6 21. Rd6 Be5 22. R6d2 Kf7 23. Ng5+ Kf6 24. Rd7 h5 25. Qh3 Qe8 26. f4 Bxf4 27. exf4 Bxd7 28. Qc3+ Kf5 29. Rd5+ Kxf4 30. Qf3# 1-0


[Site "https://www.chess.com"]

[Event "Titled Tuesday Blitz March 28 Early 2023"]
[White "Kosteniuk, Alexandra"]
[Black "Drygalov, Andrey"]
[WhiteFideId "4128125"]
[BlackFideId "24171735"]
[WhiteElo "2453"]
[BlackElo "2471"]
[Result "1-0"]
[Round "03"]
[TimeControl "180+2"]
[Date "2023.03.28"]
[WhiteClock "0:00:12"]
[BlackClock "0:00:04"]

1. e4 c5 2. c3 Nf6 3. e5 Nd5 4. Nf3 e6 5. d4 cxd4 6. cxd4 d6 7. Bc4 Nc6 8. O-O Be7 9. Qe2 O-O 10. Rd1 Na5 11. Bd3 Nb4 12. Be4 d5 13. Bd3 Nxd3 14. Qxd3 b6 15. Nc3 Bd7 16. h4 h6 17. h5 Rc8 18. Nh2 f5 19. exf6 Bxf6 20. Ng4 Be8 21. Qh3 Nc6 22. Ne2 Bg5 23. f4 Bf6 24. Ne5 Qd6 25. a3 Ne7 26. Bd2 a5 27. Rac1 Rxc1 28. Rxc1 Bb5 29. Nc3 Ba6 30. Re1 Nf5 31. Ng6 Bxd4+ 32. Kh1 Rf6 33. g4 Bxc3 34. bxc3 Ne7 35. g5 hxg5 36. fxg5 Rf2 37. Rxe6 Qxa3 38. Nxe7+ Kf7 39. g6+ Kf8 40. Qe3 Qa1+ 41. Be1 Rf1+ 42. Kg2 Qb2+ 43. Bf2 d4 44. Qf4+ Ke8 45. Qf7+ Kd8 46. Nc6+ Kc8 47. Re8# 1-0


[Site "https://www.chess.com"]

[Event "Titled Tuesday Blitz March 28 Early 2023"]
[White "Gukesh D"]
[Black "Santos Ruiz, Miguel"]
[WhiteFideId "46616543"]
[BlackFideId "22291482"]
[WhiteElo "2612"]
[BlackElo "2504"]
[Result "0-1"]
[Round "03"]
[TimeControl "180+2"]
[Date "2023.03.28"]
[WhiteClock "0:00:04"]
[BlackClock "0:00:10"]

1. Nf3 d5 2. e3 Nf6 3. c4 e6 4. Nc3 b6 5. cxd5 exd5 6. g3 Bb7 7. Bg2 Nbd7 8. O-O a6 9. b3 Bd6 10. Bb2 Qe7 11. Nh4 Qe6 12. Ne2 c5 13. Nf4 Bxf4 14. exf4 O-O 15. Re1 Qc6 16. Nf5 Qc7 17. d4 Rfe8 18. dxc5 Rxe1+ 19. Qxe1 bxc5 20. Qe7 d4 21. Bxb7 Qxb7 22. Qxf7+ Kxf7 23. Nd6+ Ke6 24. Nxb7 a5 25. Rc1 Kd5 26. Rc4 Ra7 27. Nxc5 Nxc5 28. Bxd4 Rc7 29. Bc3 a4 30. Be5 axb3 31. axb3 Rb7 32. Rd4+ Ke6 33. b4 Nb3 34. Rc4 Nd2 35. Rc6+ Ke7 36. Kg2 Nde4 37. f3 Nd2 38. f5 Nb3 39. g4 Ne8 40. Rc4 Nd2 41. Rd4 Nb3 42. Re4 Kf7 43. Bc3 Rc7 44. Re3 Rc4 45. Be1 Nc1 46. Kg3 Rc2 47. b5 Ne2+ 48. Kh4 Nf4 49. Bg3 Ng2+ 50. Kh3 Nxe3 51. b6 Rb2 52. Bf4 Nd5 0-1


[Site "https://www.chess.com"]

[Event "Titled Tuesday Blitz March 28 Early 2023"]
[White "Korchmar, Vasiliy"]
[Black "Terry, Renato"]
[WhiteFideId "24131750"]
[BlackFideId "3803457"]
[WhiteElo "2370"]
[BlackElo "2579"]
[Result "0-1"]
[Round "03"]
[TimeControl "180+2"]
[Date "2023.03.28"]
[WhiteClock "0:00:01"]
[BlackClock "0:00:26"]

1. e4 c6 2. d4 d5 3. e5 c5 4. dxc5 e6 5. Nf3 Bxc5 6. Bd3 Nc6 7. O-O f6 8. Qe2 fxe5 9. Nxe5 Nxe5 10. Qxe5 Nf6 11. Bb5+ Kf7 12. Bf4 Qb6 13. Nc3 Bd4 14. Qe2 a6 15. Bd3 Qxb2 16. Bd2 Qa3 17. Rab1 Rf8 18. Rb3 Qd6 19. Na4 b5 20. Bb4 Qc7 21. Nc3 Rd8 22. a4 bxa4 23. Nxa4 Bd7 24. Nc5 a5 25. Ba3 Bc8 26. Re1 Bxc5 27. Bb2 d4 28. Rb5 Bd7 29. Bc4 Re8 30. Rb3 Rab8 0-1


[Site "https://www.chess.com"]

[Event "Titled Tuesday Blitz March 28 Early 2023"]
[White "Kozak, Adam"]
[Black "Bolourchifard, Farzad"]
[WhiteFideId "753246"]
[BlackFideId "12510084"]
[WhiteElo "2469"]
[BlackElo "2317"]
[Result "1/2-1/2"]
[Round "03"]
[TimeControl "180+2"]
[Date "2023.03.28"]
[WhiteClock "0:00:06"]
[BlackClock "0:00:07"]

1. e4 e5 2. a3 Nf6 3. Nc3 Bc5 4. Bc4 Nc6 5. d3 d6 6. Na4 Bb6 7. Nf3 h6 8. h3 O-O 9. O-O Be6 10. Bxe6 fxe6 11. c3 Nh5 12. Nxb6 axb6 13. Ng5 Qe8 14. Nxe6 Qxe6 15. Qxh5 Rf7 16. Be3 Raf8 17. c4 Ne7 18. Qg4 Qf6 19. b4 Ng6 20. a4 Nf4 21. Bxf4 exf4 22. Qf3 Qd4 23. a5 bxa5 24. Rxa5 Qc3 25. Rb1 b6 26. Raa1 Rf6 27. b5 Qd4 28. Ra2 Rg6 29. Kh1 Kh7 30. Re2 Rg5 31. Rbe1 Rf6 32. Rg1 Rf7 33. h4 Re5 34. g4 g5 35. hxg5 hxg5 36. Kg2 Kg8 37. Rh1 Rh7 38. Rxh7 Kxh7 39. Re1 Re6 40. Re2 Rh6 41. Re1 Qe5 42. Qe2 Rh2+ 43. Kg1 Rh4 44. f3 Qd4+ 45. Kg2 Kg6 46. e5 dxe5 47. Qe4+ Qxe4 48. Rxe4 Kf6 49. c5 Rh8 50. Rc4 Re8 51. Kf2 Re6 52. Ke2 Ke7 53. Kd2 Kd7 54. cxb6 Rxb6 55. Rb4 Kd6 56. Kc3 Kc5 57. Rc4+ Kd5 58. Rxc7 Rxb5 59. Rg7 Rb1 60. Rxg5 Rf1 61. Rg8 Rxf3 62. g5 e4 63. Rd8+ Ke6 64. Re8+ Kf5 65. Rxe4 Kxg5 66. Kd2 Rf2+ 67. Ke1 Ra2 68. Re2 Ra3 69. Rd2 Kf5 70. Ke2 Ke5 71. Kf3 Kd4 72. Kxf4 Rxd3 73. Rxd3+ Kxd3 1/2-1/2


[Site "https://www.chess.com"]

[Event "Titled Tuesday Blitz March 28 Early 2023"]
[White "Dardha, Daniel"]
[Black "Cherniaiev, Tykhon"]
[WhiteFideId "240990"]
[BlackFideId "14182360"]
[WhiteElo "2581"]
[BlackElo "2450"]
[Result "1-0"]
[Round "03"]
[TimeControl "180+2"]
[Date "2023.03.28"]
[WhiteClock "0:00:22"]
[BlackClock "0:00:08"]

1. e4 e5 2. Qg4 d5 3. Qg3 Nc6 4. Bb5 dxe4 5. Qxe5+ Be6 6. Qxe4 Qd6 7. Bxc6+ bxc6 8. Nf3 Nf6 9. Qe2 Be7 10. O-O O-O 11. d3 Rfe8 12. h3 Bf8 13. Qd1 c5 14. Nc3 h6 15. Be3 Qc6 16. Re1 Rad8 17. Nd2 c4 18. dxc4 Bxc4 19. Qf3 Qxf3 20. Nxf3 a5 21. Red1 Bb4 22. Bd4 Nd5 23. Nxd5 Bxd5 24. Be3 c6 25. Nd4 Bc5 26. Nxc6 Bxc6 27. Bxc5 Rxd1+ 28. Rxd1 Re2 29. Rd6 Be4 30. Rd8+ Kh7 31. Re8 Rxc2 32. Rxe4 Rxc5 33. Ra4 Rc2 34. b3 Rc1+ 35. Kh2 Rc5 36. Kg3 g5 37. Kf3 Re5 38. Re4 Rc5 39. Rc4 Re5 40. g4 Kg6 41. Rc6+ f6 42. Ra6 Kg7 43. a4 Kg6 44. Rb6 Re7 45. Rb5 Ra7 46. Ke4 Re7+ 47. Kd4 Rd7+ 48. Rd5 Rb7 49. Kc4 Rb4+ 50. Kc3 Rf4 51. Rxa5 Rxf2 52. Rd5 Rf1 53. a5 Rc1+ 54. Kb2 Rh1 55. a6 Re1 56. a7 Re8 57. Ra5 Ra8 58. b4 h5 59. b5 hxg4 60. hxg4 Kf7 61. b6 Ke7 62. b7 Rxa7 63. Rxa7 Kd8 64. b8=Q# 1-0


[Site "https://www.chess.com"]

[Event "Titled Tuesday Blitz March 28 Early 2023"]
[White "Svane, Frederik"]
[Black "Aradhya, Garg"]
[WhiteFideId "12923044"]
[BlackFideId "25006746"]
[WhiteElo "2502"]
[BlackElo "2263"]
[Result "0-1"]
[Round "03"]
[TimeControl "180+2"]
[Date "2023.03.28"]
[WhiteClock "0:00:21"]
[BlackClock "0:00:50"]

1. g3 d5 2. Nf3 c5 3. Bg2 Nf6 4. O-O g6 5. c4 Bg7 6. cxd5 O-O 7. Qc2 Qxd5 8. Nc3 Qd6 9. d4 cxd4 10. Nb5 d3 11. exd3 Qc6 12. Qxc6 Nxc6 13. d4 Rd8 14. Be3 Nd5 15. Nc3 Be6 16. Rad1 Nxc3 17. bxc3 Bxa2 18. Nd2 Bd5 19. Bxd5 Rxd5 20. c4 Rd7 21. d5 Ne5 22. Rfe1 b5 23. cxb5 Rxd5 24. Kf1 Ng4 25. b6 Nxe3+ 26. Rxe3 axb6 27. Ke2 Rad8 28. Rxe7 Bc3 29. Ne4 Rxd1 30. Nxc3 R1d7 31. Re3 Kf8 32. h4 Re7 33. Ne4 f5 34. Ng5 Rde8 35. Kd3 Rxe3+ 36. fxe3 Kg7 37. Nf3 Kf6 38. Ng5 h6 39. Nf3 Re4 40. Nd4 Rg4 41. Ne2 b5 42. Kc3 b4+ 43. Kd3 b3 44. Kc3 Re4 45. Kd3 b2 46. Nc3 Rb4 47. Kc2 Ke5 48. Kb1 Rb3 49. Ne2 Rxe3 50. Nf4 Rxg3 51. Kxb2 Kxf4 52. Kc2 0-1


[Site "https://www.chess.com"]

[Event "Titled Tuesday Blitz March 28 Early 2023"]
[White "Vasquez Schroeder, Rodrigo"]
[Black "Jessel, Stephen"]
[WhiteFideId "3400042"]
[BlackFideId "628859"]
[WhiteElo "2600"]
[BlackElo "2268"]
[Result "1-0"]
[Round "03"]
[TimeControl "180+2"]
[Date "2023.03.28"]
[WhiteClock "0:01:28"]
[BlackClock "0:00:31"]

1. d4 a6 2. e4 e6 3. Bd3 d5 4. e5 Bd7 5. a4 c5 6. dxc5 Bxc5 7. Qg4 g6 8. Nf3 Nc6 9. c3 f6 10. b4 Bb6 11. Bf4 Bc7 12. Qg3 Qb8 13. Bxg6+ hxg6 14. Qxg6+ Kd8 15. Qg7 Nxe5 16. Qxh8 Nd3+ 17. Kf1 Nxf4 18. Qxg8+ Be8 19. g3 Ng6 20. Qxe6 Ne7 21. Kg2 Bd6 22. Qxf6 Qc7 23. Nd4 Kc8 24. Re1 b6 25. Nf5 Kd7 26. Rxe7+ 1-0


[Site "https://www.chess.com"]

[Event "Titled Tuesday Blitz March 28 Early 2023"]
[White "Ibarra Jerez, Jose Carlos"]
[Black "Papasimakopoulos, Alexandros"]
[WhiteFideId "2226332"]
[BlackFideId "4244125"]
[WhiteElo "2638"]
[BlackElo "2359"]
[Result "0-1"]
[Round "03"]
[TimeControl "180+2"]
[Date "2023.03.28"]
[WhiteClock "0:00:05"]
[BlackClock "0:00:15"]

1. e4 e6 2. d4 d5 3. Nd2 Nf6 4. e5 Nfd7 5. f4 c5 6. c3 Nc6 7. Ndf3 cxd4 8. cxd4 a5 9. a3 a4 10. Bd3 Nb6 11. Ne2 Na5 12. O-O g6 13. Nc3 Nb3 14. Rb1 Bd7 15. Qe2 Bc6 16. Be3 h5 17. Ng5 Qd7 18. Qc2 Rg8 19. Nh7 Be7 20. Rbe1 Na5 21. Bc1 O-O-O 22. Nf6 Bxf6 23. exf6 Kb8 24. Qe2 Nb3 25. Kh1 Ka8 26. h3 Nc4 27. Qf2 Rc8 28. Kh2 Qd8 29. Bxc4 dxc4 30. d5 exd5 31. Re7 d4 32. Na2 Qd6 33. Rxf7 Bd5 34. Rh7 Qxf6 35. Nb4 Be4 36. Re1 Rge8 37. Rd7 h4 38. Kh1 Qf5 39. Rd6 Qxh3+ 40. Kg1 Qg4 41. Re2 h3 42. Rxd4 Nxd4 43. Qxd4 Qxe2 44. gxh3 Qg2# 0-1


[Site "https://www.chess.com"]

[Event "Titled Tuesday Blitz March 28 Early 2023"]
[White "Moroni, Luca Jr"]
[Black "Tatarinov, Dmitry"]
[WhiteFideId "865834"]
[BlackFideId "24160067"]
[WhiteElo "2569"]
[BlackElo "2326"]
[Result "1-0"]
[Round "03"]
[TimeControl "180+2"]
[Date "2023.03.28"]
[WhiteClock "0:00:37"]
[BlackClock "0:00:59"]

1. d4 Nf6 2. Bf4 d6 3. Nf3 g6 4. Nc3 Bf5 5. Nd2 d5 6. e3 Bg7 7. h3 O-O 8. Nf3 Ne4 9. Bd3 Nxc3 10. bxc3 Bxd3 11. cxd3 c5 12. O-O cxd4 13. cxd4 Nc6 14. Qb3 b6 15. Rfc1 Rc8 16. Qa4 Qd7 17. Rc2 e5 18. dxe5 Nxe5 19. Qxd7 Nxd7 20. Rac1 Rxc2 21. Rxc2 Nc5 22. Bd6 Rd8 23. Bxc5 Rc8 24. d4 bxc5 25. Rxc5 Rxc5 26. dxc5 Kf8 27. Kf1 Ke7 28. Ke2 Kd7 29. Nd4 Bf8 30. c6+ Kc7 31. Kd3 a6 32. g4 Be7 33. f4 h6 34. Nf3 Bf6 35. Ne5 Bxe5 36. fxe5 Kb6 37. h4 Kc7 38. Kd4 Kxc6 39. a3 h5 40. g5 Kc7 41. Kxd5 Kd7 42. e6+ fxe6+ 43. Ke5 Ke7 44. e4 a5 45. a4 1-0


[Site "https://www.chess.com"]

[Event "Titled Tuesday Blitz March 28 Early 2023"]
[White "Deac, Bogdan-Daniel"]
[Black "Malek, Jan"]
[WhiteFideId "1226380"]
[BlackFideId "21864080"]
[WhiteElo "2649"]
[BlackElo "2255"]
[Result "1-0"]
[Round "03"]
[TimeControl "180+2"]
[Date "2023.03.28"]
[WhiteClock "0:00:28"]
[BlackClock "0:00:04"]

1. b3 Nf6 2. Bb2 g6 3. Nf3 Bg7 4. g3 O-O 5. Bg2 c5 6. c4 Nc6 7. O-O d6 8. d4 Bg4 9. d5 Bxf3 10. Bxf3 Nd4 11. Bg2 Nd7 12. Nc3 Qa5 13. Rc1 b5 14. e3 bxc4 15. exd4 cxd4 16. Ne2 c3 17. Ba1 Qb6 18. Re1 Rac8 19. Bh3 f5 20. Nf4 Rfe8 21. Ne6 Bf6 22. Bf1 Nc5 23. Nxd4 Ne4 24. Rxe4 fxe4 25. Nc6 Rxc6 26. dxc6 Qxc6 27. Rxc3 Bxc3 28. Bc4+ e6 29. Bxc3 Qc5 30. Bd4 Qxd4 31. Qxd4 1-0


[Site "https://www.chess.com"]

[Event "Titled Tuesday Blitz March 28 Early 2023"]
[White "Perez Gormaz, Matias"]
[Black "Ozen, Deniz"]
[WhiteFideId "3406342"]
[BlackFideId "6349196"]
[WhiteElo "2362"]
[BlackElo "2303"]
[Result "1/2-1/2"]
[Round "03"]
[TimeControl "180+2"]
[Date "2023.03.28"]
[WhiteClock "0:00:11"]
[BlackClock "0:00:08"]

1. e4 e5 2. Nf3 Nf6 3. Nxe5 d5 4. exd5 Qxd5 5. d4 Nc6 6. Nxc6 Qxc6 7. Qf3 Qxc2 8. Nc3 Qf5 9. Bb5+ Kd8 10. Bf4 Bb4 11. O-O Bxc3 12. Bd3 Qd5 13. bxc3 Qxf3 14. gxf3 Be6 15. c4 Re8 16. Rab1 b6 17. Rfc1 Bh3 18. a4 Kd7 19. a5 Rab8 20. axb6 axb6 21. Bg3 Nh5 22. c5 bxc5 23. Bb5+ c6 24. Bxb8 cxb5 25. Rxb5 g5 26. Rb7+ Kc6 27. Rbb1 c4 28. Rxc4+ Kd5 29. Rc5+ Kxd4 30. Rxg5 Nf6 31. Rd1+ Kc3 32. Be5+ Kc2 33. Ra1 h6 34. Rg3 Rxe5 35. Rxh3 Nh5 36. Rf1 Kd2 37. Rg3 Nxg3 38. hxg3 Ke2 39. Kg2 Rf5 40. f4 Rf6 41. Rh1 Kd3 42. Rh5 Ke4 43. Re5+ Kd4 44. Kf3 Ra6 45. Re7 Rf6 46. Rd7+ Kc5 47. Ke4 Kc6 48. Rd2 Kc7 49. Ke5 Re6+ 50. Kf5 Rg6 51. g4 Re6 52. f3 Rg6 53. Rh2 Re6 54. Rd2 Rg6 55. Rd3 Re6 56. Rd1 Rg6 57. Ke4 Re6+ 58. Kf5 Rg6 59. Ke5 Re6+ 60. Kf5 1/2-1/2


[Site "https://www.chess.com"]

[Event "Titled Tuesday Blitz March 28 Early 2023"]
[White "Movahed, Sina"]
[Black "Goudriaan, Etienne"]
[WhiteFideId "42520835"]
[BlackFideId "1021150"]
[WhiteElo "2225"]
[BlackElo "2318"]
[Result "1-0"]
[Round "03"]
[TimeControl "180+2"]
[Date "2023.03.28"]
[WhiteClock "0:00:51"]
[BlackClock "0:00:18"]

1. Nf3 Nf6 2. g3 d5 3. Bg2 c5 4. O-O h6 5. c4 d4 6. b4 cxb4 7. a3 b3 8. Qxb3 Nc6 9. d3 e5 10. a4 a5 11. Ba3 Bb4 12. Bxb4 axb4 13. Nbd2 O-O 14. Ne1 Bg4 15. Nc2 Bxe2 16. Rfe1 Bg4 17. Nxb4 Na5 18. Qb2 Re8 19. Nd5 Nd7 20. Ne4 Ra6 21. c5 Be6 22. Nd6 Nxc5 23. Nxe8 Nxd3 24. Qa3 Nxe1 25. Ne7+ Kh8 26. Ng6+ Kh7 27. Qf8 Qxe8 28. Qxe8 Nxg2 29. Nf8+ 1-0


[Site "https://www.chess.com"]

[Event "Titled Tuesday Blitz March 28 Early 2023"]
[White "Shimanov, Aleksandr"]
[Black "Sielecki, Christof"]
[WhiteFideId "4198603"]
[BlackFideId "4620437"]
[WhiteElo "2631"]
[BlackElo "2443"]
[Result "1-0"]
[Round "03"]
[TimeControl "180+2"]
[Date "2023.03.28"]
[WhiteClock "0:00:44"]
[BlackClock "0:00:10"]

1. e4 c5 2. c3 d5 3. exd5 Qxd5 4. d4 e6 5. Nf3 a6 6. Be3 Nd7 7. c4 Qc6 8. Nc3 Ngf6 9. Be2 b6 10. Ne5 Qc7 11. Nxd7 Bxd7 12. O-O Bd6 13. h3 O-O 14. Qc2 cxd4 15. Bxd4 Bh2+ 16. Kh1 Be5 17. Rad1 Bc6 18. Qd2 Bxd4 19. Qxd4 Rfd8 20. Qe3 h6 21. Kg1 Rxd1 22. Rxd1 Rd8 23. Rc1 Bb7 24. b4 e5 25. Bf1 Rd4 26. a3 Ne4 27. Nxe4 Rxe4 28. Qc3 Qc6 29. c5 b5 30. Rd1 g6 31. Rd8+ Kg7 32. Rd6 Qc8 33. f3 1-0


[Site "https://www.chess.com"]

[Event "Titled Tuesday Blitz March 28 Early 2023"]
[White "Domingo Nunez, Alejandro"]
[Black "Grigoriants, Sergey"]
[WhiteFideId "22245561"]
[BlackFideId "4130804"]
[WhiteElo "2230"]
[BlackElo "2502"]
[Result "0-1"]
[Round "03"]
[TimeControl "180+2"]
[Date "2023.03.28"]
[WhiteClock "0:01:37"]
[BlackClock "0:01:39"]

1. e4 c6 2. Nf3 d5 3. Nc3 Bg4 4. h3 Bxf3 5. Qxf3 Nf6 6. g3 e6 7. Bg2 Bb4 8. e5 Nfd7 9. Qg4 Bf8 10. d4 c5 11. dxc5 Nc6 12. f4 h5 13. Qe2 Bxc5 14. f5 Qb6 15. fxe6 fxe6 16. Bd2 Nd4 17. Qd1 Qxb2 18. Rb1 Qxc2 19. Rxb7 Qd3 20. Qa4 Nc2+ 21. Kd1 Ne3+ 22. Kc1 Ba3+ 23. Qxa3 Qc2# 0-1


[Site "https://www.chess.com"]

[Event "Titled Tuesday Blitz March 28 Early 2023"]
[White "Rakhmanov, Aleksandr"]
[Black "Tica, Sven"]
[WhiteFideId "4173708"]
[BlackFideId "14526948"]
[WhiteElo "2530"]
[BlackElo "2348"]
[Result "1-0"]
[Round "03"]
[TimeControl "180+2"]
[Date "2023.03.28"]
[WhiteClock "0:00:40"]
[BlackClock "0:01:11"]

1. c4 g6 2. Nc3 Bg7 3. g3 d6 4. Bg2 Nd7 5. d3 e5 6. e4 Ne7 7. Nge2 O-O 8. O-O f5 9. h3 h6 10. f4 a5 11. Be3 Nc5 12. fxe5 fxe4 13. Rxf8+ Qxf8 14. d4 Nd3 15. Nxe4 Nxb2 16. Qb3 Nf5 17. Bf2 dxe5 18. c5+ Be6 19. Qxe6+ Kh7 20. dxe5 Re8 21. Qb3 Rxe5 22. Rf1 Qe8 23. Qxb7 Nd3 24. Nf4 Nxf2 25. Rxf2 c6 26. Nf6+ 1-0


[Site "https://www.chess.com"]

[Event "Titled Tuesday Blitz March 28 Early 2023"]
[White "Guerrero Olmos, Sergio"]
[Black "Costachi, Mihnea"]
[WhiteFideId "2257238"]
[BlackFideId "1217518"]
[WhiteElo "2266"]
[BlackElo "2456"]
[Result "1-0"]
[Round "03"]
[TimeControl "180+2"]
[Date "2023.03.28"]
[WhiteClock "0:00:06"]
[BlackClock "0:00:32"]

1. d4 Nf6 2. Nf3 d5 3. Bf4 c5 4. e3 cxd4 5. exd4 Nc6 6. c3 Bf5 7. Nbd2 e6 8. Nh4 Bg4 9. Qb3 Qb6 10. h3 Bh5 11. g4 Bg6 12. Nxg6 hxg6 13. Bg2 Be7 14. O-O O-O 15. Rfe1 Rfe8 16. Re2 Na5 17. Qxb6 axb6 18. Rae1 Nc6 19. a3 Nd7 20. Nb3 Kf8 21. Na1 Na5 22. Nc2 Nc4 23. Ne3 b5 24. Nxd5 exd5 25. Bxd5 Na5 26. Kg2 Nc6 27. Bg3 Nb6 28. Bb3 Na5 29. Bc2 Nac4 30. Be4 Na5 31. Bc7 Nbc4 32. b3 Nxb3 33. Bxb7 Rxa3 34. Bc6 Raa8 35. Bxa8 Rxa8 36. Rxe7 Rc8 37. Bg3 Nba5 38. Rc7 Rxc7 39. Bxc7 Nc6 40. Rb1 Ke7 41. Rxb5 Kd7 42. Bg3 Ne7 43. Rb7+ Ke6 44. Rc7 Nd2 45. c4 Ne4 46. d5+ Kf6 47. f4 g5 48. fxg5+ Nxg5 49. Bh4 Ng6 50. Bxg5+ Kxg5 51. Rxf7 Kh6 52. Kg3 Ne5 53. Rf5 Nxc4 54. h4 Kg6 55. Rf4 Nd6 56. Rd4 Kf6 57. Kf4 g6 58. Ra4 Nb5 59. Ra6+ Kf7 60. Rb6 Nc3 61. Ke5 Ne2 62. Rb7+ Kf8 63. h5 gxh5 64. gxh5 Ng3 65. h6 Kg8 66. h7+ Kh8 67. d6 Nf5 68. Rb8+ Kxh7 69. Kxf5 Kg7 70. d7 Kf7 71. d8=Q Kg7 72. Qg5+ Kh7 73. Rb7+ Kh8 74. Qg7# 1-0


[Site "https://www.chess.com"]

[Event "Titled Tuesday Blitz March 28 Early 2023"]
[White "Ahmadzada, Ahmad"]
[Black "Degenbaev, Aziz"]
[WhiteFideId "13413007"]
[BlackFideId "13802640"]
[WhiteElo "2388"]
[BlackElo "2152"]
[Result "1-0"]
[Round "03"]
[TimeControl "180+2"]
[Date "2023.03.28"]
[WhiteClock "0:02:11"]
[BlackClock "0:00:25"]

1. Nf3 Nf6 2. g3 g6 3. Bg2 Bg7 4. O-O c5 5. Re1 O-O 6. e4 d6 7. e5 dxe5 8. Nxe5 Nbd7 9. Nxd7 Qxd7 10. Nc3 Rb8 11. a4 b6 12. d3 Bb7 13. Bf4 Bxg2 14. Kxg2 Rbc8 15. Qf3 Rfe8 16. Be5 h5 17. h3 Rc6 18. a5 Re6 19. a6 b5 20. Qb7 b4 21. Na4 Qxb7+ 22. axb7 Nd7 23. Nxc5 Nxc5 24. b8=Q Rxb8 25. Bxb8 Rxe1 26. Rxe1 Bxb2 27. Bxa7 Ne6 28. Re4 Bc3 29. d4 Nc7 30. Rxe7 1-0


[Site "https://www.chess.com"]

[Event "Titled Tuesday Blitz March 28 Early 2023"]
[White "Danielyan, Vahe"]
[Black "Salinas Herrera, Pablo"]
[WhiteFideId "13304828"]
[BlackFideId "3407128"]
[WhiteElo "2423"]
[BlackElo "2550"]
[Result "1-0"]
[Round "03"]
[TimeControl "180+2"]
[Date "2023.03.28"]
[WhiteClock "0:00:10"]
[BlackClock "0:00:08"]

1. e4 c5 2. Nc3 a6 3. g3 g6 4. Bg2 Bg7 5. Nge2 Nc6 6. d3 d6 7. Be3 Rb8 8. d4 cxd4 9. Nxd4 Bd7 10. O-O Nf6 11. h3 O-O 12. Nd5 b5 13. Re1 Na5 14. b3 e6 15. Nxf6+ Qxf6 16. Qd2 Nb7 17. Rad1 Rfc8 18. c3 Qd8 19. Ne2 Qa5 20. Bd4 e5 21. Be3 Be6 22. Kh2 Rd8 23. Nc1 Rbc8 24. Ne2 Qc7 25. Qb2 Nc5 26. Rd2 Qc6 27. Qc2 Rd7 28. Red1 Qc7 29. f4 f6 30. f5 Bf7 31. g4 Rcd8 32. Ng3 Qc6 33. h4 a5 34. g5 a4 35. gxf6 Bxf6 36. Bg5 Bxg5 37. hxg5 axb3 38. axb3 Bxb3 39. Qb2 Bf7 40. f6 Na4 41. Qb4 Qxc3 42. Qxb5 Qb3 43. Qc6 Qc4 44. Qxc4 Bxc4 45. Bh3 Bb3 46. Bxd7 Nc3 47. Rxd6 Nxd1 48. Be6+ Bxe6 49. Rxd8+ Kf7 50. Rxd1 h6 51. Rf1 hxg5 52. Rf2 g4 53. Ne2 g5 54. Kg3 Kg6 55. Nc3 Bf7 56. Nd5 Be6 57. Ne7+ Kf7 58. Nc6 Bb3 59. Nxe5+ 1-0


[Site "https://www.chess.com"]

[Event "Titled Tuesday Blitz March 28 Early 2023"]
[White "Moussard, Jules"]
[Black "Ozates, Tuna"]
[WhiteFideId "642908"]
[BlackFideId "6354521"]
[WhiteElo "2610"]
[BlackElo "2151"]
[Result "1-0"]
[Round "03"]
[TimeControl "180+2"]
[Date "2023.03.28"]
[WhiteClock "0:00:03"]
[BlackClock "0:00:01"]

1. Nf3 c5 2. e4 Nc6 3. Bb5 g6 4. Bxc6 bxc6 5. d4 Bg7 6. dxc5 Ba6 7. Nbd2 Qa5 8. a3 Qxc5 9. b4 Qb6 10. Rb1 d5 11. Bb2 d4 12. Nb3 e5 13. Nc5 Ne7 14. Nxa6 Qxa6 15. Qd3 Qb6 16. O-O O-O 17. c3 Rfd8 18. cxd4 exd4 19. Rbc1 a5 20. Rc4 c5 21. Rxc5 axb4 22. Rb5 Qa6 23. axb4 Nc6 24. Rd1 Qa2 25. Bc1 Ra4 26. Bd2 Ra3 27. Qb1 Qe6 28. Rc5 d3 29. Bg5 Rda8 30. b5 Nd4 31. Be3 Ne2+ 32. Kh1 Qxe4 33. Nd2 Qe6 34. Qb4 Ra1 35. Rf1 Rxf1+ 36. Nxf1 Ra1 37. g3 Rxf1+ 38. Kg2 Rg1+ 39. Kf3 Qf6+ 40. Ke4 Qe6+ 41. Kxd3 Nc1+ 42. Rxc1 Rxc1 43. Bxc1 Qd5+ 44. Ke2 Qe6+ 45. Be3 Qd5 46. b6 Bf8 47. Qc3 Qh5+ 48. Kf1 Qh3+ 49. Kg1 Qd7 50. Qc2 Qb7 51. h4 h5 52. Qc7 Qf3 53. b7 1-0


[Site "https://www.chess.com"]